 Dungeon Crawl Stone Soup version 0.31-a0-689-g72f39bf (webtiles) character file.

Game seed: 11141740260756334545

530712 BarneyGumball the Slayer (level 25, -2/219 HPs)
             Began as a Merfolk Gladiator on Sept 5, 2023.
             Was a High Priest of Qazlal.
             Slain by a tormentor (4 damage)
             ... summoned by a dread lich
             ... while paralysed by a dread lich
             ... on level 4 of the Realm of Zot.
             The game lasted 05:03:10 (54721 turns).

BarneyGumball the Slayer (Merfolk Gladiator)       Turns: 54721, Time: 05:03:11

Health: -2/219     AC: 44    Str: 27    XL:     25   Next: 62%
Magic:  43/47      EV:  2    Int: 11    God:    Qazlal [*****.]
Gold:   2528       SH:  0    Dex: 22    Spells: 32/32 levels left

rFire   . . .        a - +8 demon trident "Rift" {distort, reach+}
rCold   + + +        f - +0 tower shield {rPois}
rNeg    + + +        i - +9 gold dragon scales
rPois   +            z - +1 hat of Amorality {Will+ Regen+ Stlth+}
rElec   +            p - +2 cloak {rPois}
rCorr   +            q - +2 pair of gloves
SInv    .            b - +2 pair of boots "Halyuqeo" {rCorr}
Will    ++...        B
                       - Hermit's Pendant {Faith Invo=14 Evo=0 MP+5} Stlth
                     W - ring "Wuapoe" {rElec rC++ MP+9 Str+6 Dex+2}
HPRegen 1.36/turn    N - ring "Pal Fesme" {Drain Fly rC+ rN+++ Int+3}
MPRegen 0.30/turn

%: repel missiles, faith
@: paralysed, about to teleport, protected from physical damage, flying, unable
to drink
A: (nimble swimmer 2), mertail, screaming 2, evolution 1, heat vulnerability 1,
inability to drink after injury 1, MP-powered wands
}: 3/15 runes: barnacled, silver, gossamer
a: Renounce Religion, Upheaval, Elemental Force, Disaster Area


You were on level 4 of the Realm of Zot.
You worshipped Qazlal.
Qazlal was extremely pleased with you.
You visited 8 branches of the dungeon, and saw 44 of its levels.

You collected 6020 gold pieces.
You spent 3492 gold pieces at shops.

Inventory:

Hand Weapons
 a - the +8 demon trident "Rift" (weapon) {distort, reach+}
   (You bought it in a shop on level 4 of the Dungeon)
Missiles
 d - 4 throwing nets
 J - 5 silver javelins
 M - 3 curare-tipped darts (quivered)
Armour
 b - the +2 pair of boots "Halyuqeo" (worn) {rCorr}
   (You found it on level 2 of the Depths)

   rCorr:     It protects you from acid and corrosion.
 f - a +0 tower shield of poison resistance (worn)
 i - +9 gold dragon scales (worn)
 p - a +2 cloak of poison resistance (worn)
 q - a +2 pair of gloves (worn)
 z - the +1 hat of Amorality (worn) {Will+ Regen+ Stlth+}
   (You found it on level 4 of the Spider Nest)

   Will+:     It increases your willpower.
   Regen+:    It increases your rate of health regeneration.
   Stlth+:    It makes you more stealthy.
Jewellery
 y - a +4 ring of slaying
 B - the Hermit's Pendant (around neck) {Faith Invo=14 Evo=0 MP+5}
   (You found it on level 4 of the Dungeon)

   [amulet of faith]

   Invo=14: It sets your Invocations skill to 14.
   Evo=0: It sets your Evocations skill to 0.
   Faith:     It allows you to gain divine favour quickly.
   MP+5:      It affects your magic capacity (+5).
 E - a ring of protection from fire
 F - a ring of willpower
 G - a ring of see invisible
 N - the ring "Pal Fesme" (right hand) {Drain Fly rC+ rN+++ Int+3}
   (You found it on level 5 of the Vaults)

   [ring of flight]

   Int+3:     It affects your intelligence (+3).
   rC+:       It protects you from cold.
   rN+++:     It renders you almost immune to negative energy.
   Fly:       It grants you flight.
   Drain:     It drains your maximum health when unequipped.
 W - the ring "Wuapoe" (left hand) {rElec rC++ MP+9 Str+6 Dex+2}
   (You found it on level 4 of the Realm of Zot)

   [ring of strength]

   Str+6:     It affects your strength (+6).
   Dex+2:     It affects your dexterity (+2).
   rC++:      It greatly protects you from cold.
   rElec:     It insulates you from electricity.
   MP+9:      It affects your magic capacity (+9).
 Y - a ring of resist corrosion
Wands
 e - a wand of iceblast (33)
 w - a wand of flame (50)
 C - a wand of digging (13)
 R - a wand of paralysis (40)
 S - a wand of polymorph (2)
 T - a wand of mindburst (26)
Scrolls
 g - 6 scrolls of amnesia
 k - a scroll of blinking
 r - 6 scrolls of enchant weapon
 s - 4 scrolls of poison
 t - 4 scrolls of teleportation
 u - 5 scrolls of fog
 v - a scroll of revelation
 A - 20 scrolls of identify
 H - a scroll of immolation
 I - 7 scrolls of vulnerability
 P - 5 scrolls of fear
 V - a scroll of enchant armour
 X - a scroll of silence
 Z - 3 scrolls of brand weapon
Potions
 c - 5 potions of lignification
 h - 6 potions of enlightenment
 l - 5 potions of magic
 m - 8 potions of curing
 n - 3 potions of brilliance
 o - 10 potions of attraction
 D - 2 potions of mutation
 K - 2 potions of haste
 L - a potion of berserk rage
 O - 6 potions of ambrosia
 Q - a potion of might
 U - a potion of resistance


   Skills:
 + Level 22.4 Fighting
 - Level 6.7 Short Blades
 + Level 20.0 Polearms
 - Level 10.0 Throwing
 - Level 15.0 Armour
 - Level 21.0 Dodging
 - Level 3.1 Stealth
 + Level 21.4 Shields
 - Level 4.0 Spellcasting
 - Level 8.2 Conjurations
 - Level 8.4 Ice Magic
 - Level 8.2 Air Magic
 - Level 4.0(14.0) Invocations


You had 32 spell levels left.
You didn't know any spells.
Your spell library contained the following spells:

 Spells                   Type           Power      Damage    Failure   Level
 Freeze                   Ice            80%        1d9       22%         1
 Magic Dart               Conj           80%        1d7       24%         1
 Shock                    Conj/Air       80%        1d8       24%         1
 Searing Ray              Conj           40%        2d5       36%         2
 Ozocubu's Armour         Ice            20%        N/A       56%         3
 Swiftness                Air            20%        N/A       58%         3
 Foxfire                  Conj/Fire      44%        2x1d6     80%         1
 Kiss of Death            Conj/Necr      44%        2d8       80%         1
 Ensorcelled Hibernation  Hex/Ice        22%        N/A       89%         2
 Momentum Strike          Conj/Tloc      22%        3d8       90%         2
 Poisonous Vapours        Pois/Air       22%        N/A       90%         2
 Mephitic Cloud           Conj/Pois/Air  14%        N/A       92%         3
 Airstrike                Air            10%        2d(2-18)  94%         4
 Cigotuvi's Dreadful Rot  Necr/Pois/Air  16%        N/A       98%         2
 Dazzling Flash           Conj/Hex       22%        N/A       99%         3
 Stone Arrow              Conj/Erth      22%        3d8       99%         3
 Apportation              Tloc           4%         N/A       100%        1
 Sandblast                Erth           4%         2d4       100%        1
 Slow                     Hex            8%         N/A       100%        1
 Sting                    Tmut/Pois      8%         1d3       100%        1
 Summon Small Mammal      Summ           8%         N/A       100%        1
 Blink                    Tloc           4%         N/A       100%        2
 Lesser Beckoning         Tloc           4%         N/A       100%        2
 Passwall                 Tmut/Erth      1%         N/A       100%        2
 Scorch                   Fire           4%         2d5       100%        2
 Call Canine Familiar     Summ           2%         N/A       100%        3
 Confusing Touch          Hex            2%         N/A       100%        3
 Gell's Gravitas          Tloc           2%         N/A       100%        3
 Inner Flame              Hex/Fire       2%         N/A       100%        3
 Portal Projectile        Hex/Tloc       4%         N/A       100%        3
 Summon Guardian Golem    Hex/Summ       2%         N/A       100%        3
 Teleport Other           Tloc           2%         N/A       100%        3
 Tukima's Dance           Hex            2%         N/A       100%        3
 Vampiric Draining        Necr           2%         2d6       100%        3
 Volatile Blastmotes      Fire/Tloc      4%         2d10      100%        3
 Anguish                  Hex/Necr       1%         N/A       100%        4
 Animate Armour           Summ/Erth      4%         N/A       100%        4
 Animate Dead             Necr           2%         N/A       100%        4
 Cause Fear               Hex            1%         N/A       100%        4
 Dispel Undead            Necr           2%         3d7       100%        4
 Flame Wave               Conj/Fire      11%        2d6       100%        4
 Fulminant Prism          Conj/Hex       5%         3d7       100%        4
 Iskenderun's Mystic Bla  Conj/Tloc      11%        2d4       100%        4
 Leda's Liquefaction      Hex/Erth       1%         N/A       100%        4
 Olgreb's Toxic Radiance  Pois           2%         N/A       100%        4
 Passage of Golubria      Tloc           2%         N/A       100%        4
 Petrify                  Tmut/Erth      2%         N/A       100%        4
 Sticky Flame             Conj/Fire      11%        2d3       100%        4
 Summon Ice Beast         Ice/Summ       11%        N/A       100%        4
 Vhi's Electric Charge    Tloc/Air       22%        N/A       100%        4
 Agony                    Necr           2%         N/A       100%        5
 Alistair's Intoxication  Tmut/Pois      1%         N/A       100%        5
 Arcjolt                  Conj/Air       10%        1d20      100%        5
 Borgnjor's Vile Clutch   Necr/Erth      1%         N/A       100%        5
 Freezing Cloud           Conj/Ice/Air   10%        6-21      100%        5
 Lee's Rapid Deconstruct  Erth           1%         3d4*      100%        5
 Silence                  Hex/Air        5%         N/A       100%        5
 Summon Forest            Summ/Tloc      1%         N/A       100%        5
 Yara's Violent Unravell  Hex/Tmut       1%         3d3       100%        5
 Death Channel            Necr           1%         N/A       100%        6
 Dispersal                Tloc           1%         N/A       100%        6
 Eringya's Noxious Bog    Tmut/Pois      1%         4d6       100%        6
 Leda's Unmaking          Conj/Erth      5%         9d2       100%        6
 Plasma Beam              Fire/Air       5%         2x1d16    100%        6
 Starburst                Conj/Fire      5%         6d4       100%        6
 Summon Cactus Giant      Summ           1%         N/A       100%        6
 Enfeeble                 Hex            1%         N/A       100%        7
 Malign Gateway           Summ/Tloc      1%         N/A       100%        7
 Ozocubu's Refrigeration  Ice            10%        4d9       100%        7
 Summon Hydra             Summ           1%         N/A       100%        7
 Discord                  Hex            1%         N/A       100%        8
 Ignition                 Fire           1%         3d3       100%        8
 Lehudib's Crystal Spear  Conj/Erth      5%         10d3      100%        8
 Summon Horrible Things   Summ           1%         N/A       100%        8
 Chain Lightning          Conj/Air       10%        3d13      100%        9
 Fire Storm               Conj/Fire      5%         8d2       100%        9
 Shatter                  Erth           1%         3d5*      100%        9


Dungeon Overview and Level Annotations

Branches:
Dungeon (15/15)            Temple (0/1) D:7            Lair (5/5) D:9
 Shoals (4/4) Lair:3       Spider (4/4) Lair:3          Orc (2/2) D:10
    Elf (0/3) Orc:2        Vaults (5/5) D:13          Crypt (0/3) Vaults:2
 Depths (4/4) D:15            Zot (5/5) Depths:4
  Slime: Lair:4-5

Altars:
Ashenzari
Dithmenos
Elyvilon
Gozag
Kikubaaqudgha
Makhleb
Nemelex Xobeh
Okawaru
Qazlal
Ru
Uskayaw
Xom
The Shining One
Jiyva
Lugonu

Shops:
D:4 (   D:7 !   D:10 *   D:11 (   D:15 *   Orc:2 =*([   Vaults:1 *   Vaults:2 (
Vaults:4 *   Depths:4 [

Portals:
Hell: Depths:1 Depths:2* Depths:3 Depths:4
Abyss: Shoals:2 Depths:1 Depths:3 Depths:4
Pandemonium: Depths:2
Ziggurat: Depths:4

Annotations:
D:2 1 runed translucent door, exclusion: door, Crazy Yiuf
D:6 Grinder
D:8 1 runed translucent door, exclusion: door, cowcow's ghost, novice DrCj
D:9 3 runed translucent doors, MrDizzy's ghost, novice DrCj; PiratePeteNZ's ghost, novice DrVM
D:12 2 transporters, Bimaenuj's ghost, journeyman NaCj
Lair:4 exclusion: oklob plant
Shoals:2 1 runed translucent door, exclusion: door
Shoals:4 2 runed translucent doors, exclusion: 2 doors, Meow's ghost, adept NaCj
Vaults:4 2 runed translucent doors, exclusion: 2 doors, Gawed's ghost, adept KoFi; Plog's ghost, veteran BaGl
Depths:1 2 transporters, Soat's ghost, veteran MiCA
Depths:2 1 runed translucent door, exclusion: door, Tosh's ghost, veteran HOFi
Zot:5 1 exclusion
Abyss:1 Kirke; Louise


Innate Abilities, Weirdness & Mutations

((You are very nimble when in or above water. (Stealth+, EV+, Speed+++)))
Your lower body shifts to a powerful aquatic tail in water.
You frequently scream uncontrollably at your foes.
You have hidden genetic potential.
You are vulnerable to heat. (rF-)
You occasionally lose the ability to drink potions when taking damage.
You expend magic power (3 MP) to strengthen your wands.


Message History

The bolt of fire misses you.
You puncture the dread lich!
The dread lich is almost destroyed.
You block the tormentor's attack. x2
The Killer Klown is engulfed in a thunderstorm.
You block the Killer Klown's attack.
The dread lich gestures at you while chanting.
You suddenly lose the ability to move!
The tormentor hits you but does no damage. x2
The Killer Klown is engulfed in a thunderstorm.
The Killer Klown slaps you with a +10 club!
The dread lich touches you but does no damage.
The tormentor is engulfed in blazing flames.
The tormentor hits you but does no damage. x2
The Killer Klown is engulfed in a thunderstorm.
The Killer Klown sucker-punches you but does no damage.
The dread lich casts a spell.
The dread lich flickers and vanishes!
Deactivating autopickup; reactivate with Ctrl-A.
The tormentor is engulfed in blazing flames.
The tormentor hits you but does no damage. x2
The Killer Klown is engulfed in a thunderstorm.
The Killer Klown pies you viciously!
The klown pie hits you but does no damage.
You feel more protected from physical attacks.
The orb of fire glows deep purple.
The bolt of fire hits you!!
* * * LOW HITPOINT WARNING * * *
The tormentor is engulfed in blazing flames.
The tormentor hits you but does no damage. x2
Something touches you but does no damage.
The Killer Klown kneecaps you with a +10 club!
* * * LOW HITPOINT WARNING * * *
You feel more protected from physical attacks.
The orb of fire emits a lurid red light.
The bolt of fire hits you!!!
* * * LOW HITPOINT WARNING * * *
The tormentor is engulfed in blazing flames.
The tormentor hits you.
You die...

#..# #..# ##...# #..#
#..# ##...## #..# #..#
#...## #>.# #..# #..##
#..# #..# #..# #..#
#..# #..# #..######..#
#..# #....p2{.[.# #..#
#.)..*@[)..# #..####
#..######..######......
#..# #..............
#..# #..........####
#..# #..######..# ####
#..# #..# #..# #..##
#..# #...## #### #..#
##...##


You could see an orb of fire, a Killer Klown and a tormentor (summoned).

Vanquished Creatures
  2 dread liches
  An orb of fire (Zot:3)
  2 juggernauts
  Vv (Zot:1)
  3 Killer Klowns
  A curse toe (Zot:4)
  10 golden dragons
  Norris (Vaults:1)
  An electric golem (Zot:1)
  3 liches
  A walking crystal tome (Depths:1)
  19 tentacled monstrosities
  A walking earthen tome (Depths:3)
  A walking divine tome (Depths:3)
  7 Orb Guardians
  An Executioner (Depths:2)
  5 titans (Vaults:5)
  5 quicksilver dragons
  5 death cobs
  5 sphinxes
  5 shadow dragons
  4 draconian monks
  2 tengu reavers
  9 storm dragons
  5 emperor scorpions (Spider:4)
  20 vault wardens
  4 fire giants
  2 spectral juggernauts (Depths:2)
  4 frost giants
  A draconian knight (Zot:4)
  A balrug (Depths:1)
  2 draconian shifters (Zot:1)
  3 iron dragons
  10 ironbound preservers
  2 draconian scorchers
  3 ghost moths
  A formless jellyfish (Vaults:2)
  A spriggan defender (Depths:2)
  An orc warlord (Vaults:4)
  12 stone giants
  4 draconian annihilators
  4 war gargoyles
  21 very ugly things
  4 draconian stormcallers
  A deep elf demonologist (Vaults:5)
  2 reapers (Depths:2)
  3 vampire knights
  A juggernaut skeleton (Depths:2)
  7 dire elephants (Vaults:1)
  Nessos (D:13)
  6 ironbound thunderhulks
  The ghost of foff the Slicer, a journeyman VSSh of Uskayaw (Spider:2)
  8 green draconians
  A deep elf annihilator (Vaults:5)
  8 black draconians
  9 purple draconians
  9 white draconians
  2 spark wasps
  7 red draconians
  2 eidola (Vaults:4)
  11 yellow draconians
  6 entropy weavers
  2 merfolk javelineers
  4 ettins
  A deep elf death mage (Depths:2)
  5 merfolk impalers
  4 fire dragons
  A deep elf high priest (Vaults:5)
  10 yaktaur captains
  3 spectral spriggans (Depths:2)
  3 great orbs of eyes
  2 great orbs of eyes (shapeshifter)
  5 ice dragons
  30 vault guards
  3 hydras
  A catoblepas (Lair:3)
  2 rakshasas (Depths:1)
  A spectral tengu (Depths:2)
  A sphinx zombie (Depths:2)
  2 radroaches (Spider:4)
  2 spriggan air magi
  11 centaur warriors
  3 peacekeepers
  7 boulder beetles
  2 merfolk avatars
  13 ironbound frosthearts
  3 ogre magi
  An alligator snapping turtle (Shoals:1)
  A death yak (Lair:3)
  A merfolk aquamancer (Shoals:4)
  13 two-headed ogres
  3 deep troll shamans
  A spectral frost giant (Depths:2)
  A satyr (Shoals:4)
  4 vampire magi
  5 tengu warriors
  A titan zombie (Depths:2)
  An orc high priest (Orc:1)
  A sphinx skeleton (Vaults:1)
  4 spriggan berserkers
  6 deep troll earth magi
  6 demonic crawlers
  5 hell knights
  7 skysharks
  A titan skeleton (Depths:2)
  8 iron trolls
  4 pharaoh ants
  6 sea snakes
  4 skeletal warriors (D:15)
  50 deep trolls
  4 flayed ghosts
  A golden dragon zombie (Depths:2)
  A glowing orange brain (Vaults:4)
  17 ironbound convokers
  7 lindwurms
  7 orb spiders
  8 large abominations (Depths:4)
  7 steelbarb worms
  10 necromancers
  A tengu zombie (Depths:2)
  12 orc knights
  5 wizards
  A human zombie (Vaults:1)
  4 deep elf pyromancers
  14 harpies
  7 phantasmal warriors
  7 wolf spiders
  29 ugly things
  5 fauns (Shoals:4)
  10 manticores
  16 moths of wrath
  3 orc sorcerers
  6 cyclopes
  15 elephants
  6 merfolk sirens
  5 black mambas
  6 water nymphs
  16 vault sentinels
  A smoke demon (Depths:1)
  A guardian serpent (shapeshifter) (Vaults:5)
  An apocalypse crab (Shoals:2)
  9 torpor snails
  Maggie (D:10)
  8 cane toads
  2 gargoyles
  5 kobold demonologists
  An unseen horror (D:7)
  9 komodo dragons
  A komodo dragon (shapeshifter) (D:14)
  5 rime drakes
  A spark wasp simulacrum (Depths:2)
  A tormentor (Depths:2)
  2 tengu conjurers
  35 yaktaurs
  A freezing wraith (Vaults:2)
  An efreet (D:14)
  2 golden dragon simulacra (Depths:2)
  2 meliai (Spider:4)
  8 trolls
  10 merfolk
  A tengu simulacrum (Depths:2)
  9 blink frogs
  6 wind drakes
  12 hornets
  3 polar bears
  18 tarantellas
  A snapping turtle (shapeshifter) (Vaults:5)
  An iron dragon simulacrum (Depths:2)
  4 snapping turtles
  3 dream sheep (Shoals:1)
  Sigmund (D:4)
  19 slime creatures
  16 jumping spiders
  A centaur simulacrum (D:15)
  19 yaks
  A vampire (D:9)
  5 spriggans
  7 wyverns
  14 culicivoras
  5 water elementals
  3 wraiths
  4 fire bats (Depths:2)
  6 hogs (D:12)
  Eustachio (D:5)
  16 humans (D:13)
  4 basilisks
  31 redbacks
  11 vampire mosquitoes
  3 chaos spawn (Depths:4)
  A redback (shapeshifter) (Vaults:5)
  A steam dragon (D:7)
  A warg (Orc:2)
  An acid dragon (D:11)
  2 swamp worms (shapeshifter) (Vaults:5)
  22 water moccasins
  A floating eye (Depths:3)
  46 orc warriors
  A glowing shapeshifter skeleton (Depths:2)
  4 black bears
  3 ice beasts
  10 ogres
  A spriggan simulacrum (Depths:2)
  24 wolves
  34 centaurs
  4 small abominations (Depths:4)
  A phantom (D:6)
  An elf simulacrum (Vaults:1)
  A kobold brigand (D:10)
  12 bullfrogs
  A human simulacrum (Depths:2)
  A glowing shapeshifter simulacrum (Depths:2)
  2 scorpions (D:5)
  27 wights
  9 killer bees
  An electric eel (Spider:1)
  A crimson imp (D:7)
  3 howler monkeys
  6 hounds
  3 jellies (D:7)
  3 gnoll boudas
  14 orc priests
  3 sleepcaps
  3 iguanas
  30 orc wizards
  18 gnolls
  6 adders
  A river rat (shapeshifter) (Vaults:5)
  2 shadow imps
  2 white imps
  4 ufetubi
  4 worms
  4 dart slugs
  105 orcs
  4 endoplasms
  2 goblins
  5 hobgoblins
  9 ball pythons
  4 bats
  7 frilled lizards
  15 kobolds
  6 rats
  A butterfly (Lair:5)
1579 creatures vanquished.

Vanquished Creatures (collateral kills)
  2 Killer Klowns (Zot:1)
  A lich (Depths:3)
  A quicksilver dragon (Depths:3)
  A death cob (Zot:1)
  3 draconian monks (Zot:1)
  An iron dragon (Depths:3)
  A stone giant (Depths:1)
  5 grey draconians (Zot:1)
  A merfolk impaler (Shoals:4)
  An entropy weaver (Vaults:5)
  A yaktaur captain (Vaults:3)
  An ice dragon (Depths:2)
  A hydra (Lair:2)
  A rakshasa (Depths:3)
  2 vault guards
  2 radroaches
  A merfolk aquamancer (Shoals:4)
  A death yak (Lair:3)
  A satyr (Shoals:4)
  A spriggan (Depths:2)
  A glowing orange brain (Depths:3)
  An orb spider (Spider:4)
  2 deep trolls (Vaults:4)
  A steelbarb worm (Spider:4)
  2 manticores
  5 fauns (Shoals:4)
  An elephant (Lair:2)
  A merfolk siren (Shoals:4)
  A yaktaur (Vaults:4)
  A spectral glowing shapeshifter (Depths:2)
  A merfolk (Shoals:4)
  2 hornets (Depths:2)
  2 jumping spiders
  2 culicivoras (Spider:2)
  3 water elementals (Shoals:4)
  A yak (D:9)
  A redback (Spider:2)
  A water moccasin (D:9)
  An orc (Orc:1)
59 creatures vanquished.

Vanquished Creatures (others)
  2 draconian scorchers
  A juggernaut zombie (Depths:2)
  A draconian stormcaller (Zot:4)
  2 white draconians (Zot:4)
  A merfolk aquamancer (Shoals:4)
  A centaur (Lair:3)
8 creatures vanquished.

Grand Total: 1646 creatures vanquished

Notes
Turn   | Place    | Note
-------+----------+-------------------------------------------
     0 | D:1      | BarneyGumball the Merfolk Gladiator began the quest for the
                  | Orb.
     0 | D:1      | Reached XP level 1. HP: 16/16 MP: 1/1
   109 | D:1      | Reached skill level 1 in Stealth
   132 | D:1      | Reached XP level 2. HP: 20/22 MP: 2/2
   844 | D:2      | Reached XP level 3. HP: 22/27 MP: 3/3
  1097 | D:2      | Reached XP level 4. HP: 33/33 MP: 4/4
  1333 | D:2      | Found a runed translucent door.
  1334 | D:2      | Noticed Crazy Yiuf
  1480 | D:2      | Found a faded altar of an unknown god.
  1487 | D:2      | Prayed at the altar of an unknown god.
  1487 | D:2      | Became a worshipper of Qazlal Stormbringer
  1487 | D:2      | Reached * piety under Qazlal
  1609 | D:3      | Found a sparkling altar of Nemelex Xobeh.
  1623 | D:3      | Reached skill level 5 in Short Blades
  2450 | D:3      | Reached XP level 5. HP: 26/38 MP: 5/5
  2591 | D:4      | Found a stormy altar of Qazlal.
  2617 | D:4      | Reached ** piety under Qazlal
  2652 | D:4      | Found an opulent altar of Gozag.
  2731 | D:4      | Found Viul's Weapon Emporium.
  2867 | D:4      | Noticed Sigmund
  2953 | D:4      | Noticed an ice beast
  3109 | D:5      | Entered Level 5 of the Dungeon
  3145 | D:5      | Reached skill level 3 in Fighting
  3145 | D:5      | Reached XP level 6. HP: 37/47 MP: 6/6
  3235 | D:5      | Noticed a water moccasin
  3250 | D:5      | Noticed a black bear
  3275 | D:5      | Killed a black bear
  3276 | D:5      | Reached skill level 4 in Fighting
  3435 | D:5      | Reached skill level 5 in Fighting
  3435 | D:5      | Reached XP level 7. HP: 52/56 MP: 7/7
  3465 | D:5      | Reached skill level 1 in Armour
  3872 | D:5      | Noticed Eustachio
  3932 | D:5      | Killed Eustachio
  3933 | D:5      | Reached XP level 8. HP: 42/62 MP: 8/8
  4886 | D:6      | Reached skill level 1 in Invocations
  5185 | D:6      | Found a glowing golden altar of the Shining One.
  5363 | D:6      | Reached skill level 5 in Polearms
  5399 | D:6      | Reached XP level 9. HP: 65/68 MP: 11/11
  5680 | D:6      | Noticed Grinder
  5694 | D:6      | Paralysed by Grinder for 3 turns
  5791 | D:7      | Reached *** piety under Qazlal
  5839 | D:7      | Found Fewnotoj's Distillery.
  5864 | D:7      | Bought a potion of lignification for 36 gold pieces
  5918 | D:7      | Found a staircase to the Ecumenical Temple.
  6775 | D:7      | Reached skill level 10 in Polearms
  7099 | D:4      | Killed Sigmund
  7283 | D:4      | Found a faded altar of an unknown god.
  7283 | D:4      | Found the Hermit's Pendant {Faith Invo=14 Evo=0 MP+5}
  7740 | D:6      | Reached XP level 10. HP: 50/74 MP: 20/20
  8039 | D:7      | Identified the staff of Ashenzari's Grace {*Slow rC+ rN++
                  | Ice}
  8053 | D:7      | Noticed a gargoyle
  8501 | D:7      | Noticed a kobold demonologist
  8522 | D:7      | Killed a kobold demonologist
  8553 | D:7      | Killed an unseen horror
  9245 | D:8      | Found a shadowy altar of Dithmenos.
  9245 | D:8      | Found a broken altar of Ashenzari.
  9245 | D:8      | Found a shimmering altar of Xom.
  9276 | D:8      | Reached **** piety under Qazlal
  9339 | D:8      | Reached skill level 15 in Polearms
  9400 | D:8      | Noticed cowcow's ghost (novice DrCj)
  9401 | D:8      | Found a runed translucent door.
 10112 | D:8      | Reached XP level 11. HP: 32/80 MP: 21/21
 10315 | D:9      | Reached skill level 5 in Dodging
 10607 | D:9      | Reached skill level 6 in Fighting
 10686 | D:9      | Noticed a two-headed ogre
 10703 | D:9      | Killed a two-headed ogre
 10893 | D:9      | Found a staircase to the Lair.
 11123 | D:9      | Found a burning altar of Makhleb.
 11136 | D:9      | Found a runed translucent gate.
 11137 | D:9      | Found a runed translucent gate.
 11137 | D:9      | Found a runed translucent gate.
 11138 | D:9      | Noticed MrDizzy's ghost (novice DrCj)
 11138 | D:9      | Noticed PiratePeteNZ's ghost (novice DrVM)
 11159 | D:10     | Entered Level 10 of the Dungeon
 11253 | D:10     | Reached skill level 7 in Fighting
 11732 | D:10     | Reached skill level 5 in Throwing
 11910 | D:10     | Reached ***** piety under Qazlal
 11945 | D:10     | Found a staircase to the Orcish Mines.
 12008 | D:10     | Found Nujuaric's General Store.
 12016 | D:10     | Bought a scroll of fear for 48 gold pieces
 12024 | D:10     | Noticed Maggie
 12056 | D:10     | Killed Maggie
 12404 | D:11     | Reached skill level 8 in Fighting
 12672 | D:11     | Noticed a two-headed ogre
 12678 | D:11     | Killed a two-headed ogre
 12679 | D:11     | Reached skill level 1 in Spellcasting
 12679 | D:11     | Reached skill level 1 in Conjurations
 12679 | D:11     | Reached skill level 1 in Ice Magic
 12679 | D:11     | Reached skill level 1 in Air Magic
 12837 | D:11     | Reached XP level 12. HP: 92/92 MP: 22/22
 12894 | D:11     | Reached skill level 5 in Armour
 12956 | D:11     | Found Wias's Weapon Emporium.
 13368 | Lair:1   | Entered Level 1 of the Lair of Beasts
 15555 | Lair:2   | Identified the +6 great mace "Ohoibbopna" {holy, rPois rF++
                  | MP+9 Dex-3}
 15697 | Lair:3   | Noticed an eight-headed hydra
 15731 | Lair:2   | Killed an eight-headed hydra
 16030 | Lair:3   | Reached XP level 13. HP: 98/98 MP: 23/23
 16236 | Lair:3   | Found an opulent altar of Gozag.
 16653 | Lair:3   | Reached skill level 9 in Fighting
 16704 | Lair:3   | Found a hole to the Spider Nest.
 16778 | Lair:3   | Found a staircase to the Shoals.
 17228 | Lair:4   | Reached ****** piety under Qazlal
 17268 | Lair:4   | Found a viscous altar of Jiyva.
 17983 | Lair:4   | Reached skill level 10 in Fighting
 18012 | Lair:4   | Reached skill level 10 in Dodging
 18428 | D:4      | Bought the +8 demon trident "Rift" {distort, reach+} for
                  | 929 gold pieces
 18428 | D:4      | Found the +8 demon trident "Rift" {distort, reach+}
 18638 | Lair:5   | Entered Level 5 of the Lair of Beasts
 18752 | Lair:5   | Noticed a dire elephant
 18835 | Lair:5   | Reached XP level 14. HP: 111/111 MP: 24/24
 18884 | Lair:5   | Banished a dire elephant
 18945 | Lair:5   | Reached skill level 11 in Fighting
 19229 | Lair:5   | Identified the +2 rapier of Vaxzidgh {holy, rF+ Stlth+}
 19892 | Orc:1    | Entered Level 1 of the Orcish Mines
 20188 | Orc:1    | Paralysed by an orc sorcerer for 2 turns
 20263 | Orc:1    | Got the Grimoire of Execration
 20335 | Orc:2    | Entered Level 2 of the Orcish Mines
 20335 | Orc:2    | Found a staircase to the Elven Halls.
 20370 | Orc:2    | Reached skill level 12 in Fighting
 20370 | Orc:2    | Reached skill level 5 in Ice Magic
 20379 | Orc:2    | Reached skill level 5 in Air Magic
 20395 | Orc:2    | Reached skill level 5 in Conjurations
 21006 | Orc:2    | Found Temuo's Antique Weapon Shoppe.
 21006 | Orc:2    | Found Ceubozoc's Assorted Antiques.
 21006 | Orc:2    | Found Harempuo's Jewellery Boutique.
 21009 | Orc:2    | Found Xeqoruno's Antique Armour Emporium.
 21523 | Orc:2    | Bought a pair of faintly humming boots for 342 gold pieces
 21523 | Orc:2    | Identified the -1 pair of boots of Unreason {Dex+2} (You
                  | bought it in a shop on level 2 of the Orcish Mines)
 21523 | Orc:2    | Bought an embroidered cloak for 270 gold pieces
 21747 | D:12     | Reached skill level 1 in Shields
 21836 | D:12     | Found a transporter.
 21841 | D:12     | Noticed Bimaenuj's ghost (journeyman NaCj)
 21848 | D:12     | Reached XP level 15. HP: 120/120 MP: 25/25
 21901 | D:12     | Noticed Kirke
 21926 | D:12     | Banished Kirke
 21986 | D:12     | Identified the +5 mace of Zesopt {heavy, Str+3}
 22098 | D:12     | Found a transporter.
 22441 | D:13     | Noticed Nessos
 22441 | D:13     | Found a gate to the Vaults.
 22444 | D:13     | Killed Nessos
 23879 | D:14     | Reached skill level 5 in Shields
 24186 | D:14     | You fall into a shaft and drop 1 floor!
 24186 | D:15     | Entered Level 15 of the Dungeon
 25087 | D:15     | Found a broken altar of Ashenzari.
 25394 | D:15     | Found a hide-covered altar of Uskayaw.
 25453 | D:15     | Noticed a frost giant
 25758 | Spider:1 | Entered Level 1 of the Spider Nest
 25832 | Spider:1 | Reached XP level 16. HP: 123/127 MP: 26/26
 27554 | Spider:2 | Found a shimmering altar of Xom.
 27554 | Spider:2 | Noticed foff's ghost (journeyman VSSh)
 27555 | Spider:2 | Found a runed translucent door.
 27570 | Spider:2 | Reached skill level 10 in Shields
 28125 | Spider:2 | Killed foff's ghost
 28127 | Spider:2 | Identified the +5 trident of Classification {heavy, +Blink
                  | MP+9 Dex-5 Stlth-}
 28132 | Spider:2 | Identified the staff "Itoo" {Dex+3 Conj}
 28133 | Spider:2 | Identified the staff of the Shining Light {rN+ Will+ Dex+4
                  | Necro}
 28303 | D:10     | Bought the ring of Mebuidad {rElec rC+ MP+9} for 694 gold
                  | pieces
 29547 | Spider:4 | Entered Level 4 of the Spider Nest
 29753 | Spider:4 | Reached XP level 17. HP: 47/133 MP: 27/27
 30431 | Spider:4 | Got a gossamer rune of Zot
 30461 | Spider:4 | Identified the +1 hat of Amorality {Will+ Regen+ Stlth+}
 31303 | Orc:2    | Bought a glowing tower shield for 165 gold pieces
 31492 | Shoals:1 | Entered Level 1 of the Shoals
 31735 | Shoals:1 | Noticed Louise
 31750 | Shoals:1 | Banished Louise
 32356 | Shoals:2 | Reached skill level 15 in Shields
 32425 | Shoals:2 | Found a runed translucent door.
 32436 | Shoals:2 | Found a corrupted altar of Lugonu.
 32436 | Shoals:2 | Found a one-way gate to the infinite horrors of the Abyss.
 33061 | Shoals:3 | Identified the +8 plate armour "Kaisig" {Int+3}
 33257 | Shoals:3 | Reached skill level 13 in Fighting
 33898 | Shoals:4 | Entered Level 4 of the Shoals
 33927 | Shoals:4 | Reached XP level 18. HP: 123/143 MP: 28/28
 34247 | Shoals:4 | Got the Quarto of Breccia and Alteration
 34523 | Shoals:4 | Found a large runed translucent door.
 34524 | Shoals:4 | Found a large runed translucent door.
 34526 | Shoals:4 | Noticed Meow's ghost (adept NaCj)
 34614 | Shoals:4 | Got the Cyclopedia of Imprecation and the Crevasse
 34659 | Shoals:4 | Got a barnacled rune of Zot
 34698 | Shoals:4 | Identified the +1 spear "Nimnoi" {pain, rElec rCorr Str-4
                  | Dex+4}
 35144 | D:15     | Found Liuted's Fire Supplies.
 35279 | D:15     | Reached skill level 14 in Fighting
 35328 | D:15     | Found a staircase to the Depths.
 35363 | Depths:1 | Entered Level 1 of the Depths
 35364 | Depths:1 | Noticed a walking crystal tome
 35379 | Depths:1 | Killed a walking crystal tome
 35416 | Depths:1 | Found an opulent altar of Gozag.
 35498 | Depths:1 | Noticed a dread lich
 35499 | Depths:1 | Found a transporter.
 35596 | Depths:1 | Noticed Soat's ghost (veteran MiCA)
 35656 | Depths:1 | Identified the amulet of Jeitat {rPois Regen+}
 35676 | Depths:1 | Found an iron altar of Okawaru.
 35719 | Depths:1 | Found a transporter.
 35936 | Depths:1 | Reached skill level 10 in Armour
 36469 | Depths:1 | Found a gateway to Hell.
 36475 | Depths:1 | Identified the +8 falchion of the Pillar {flame, rElec
                  | Int+3 Stlth+}
 36594 | Depths:1 | Reached skill level 15 in Fighting
 36957 | Depths:2 | Reached XP level 19. HP: 129/154 MP: 29/29
 37136 | Depths:2 | Found a one-way gate leading to the halls of Pandemonium.
 37170 | Depths:2 | Reached skill level 10 in Throwing
 37334 | Depths:2 | Found a runed translucent door.
 37334 | Depths:2 | Found a shimmering altar of Xom.
 37334 | Depths:2 | Noticed Tosh's ghost (veteran HOFi)
 37334 | Depths:2 | Identified the +1 scimitar "Barchuom" {chaos, rPois}
 37521 | Depths:2 | Found an ancient bone altar of Kikubaaqudgha.
 38143 | Depths:2 | Identified the +2 pair of boots "Halyuqeo" {rCorr}
 38162 | Depths:2 | Identified the +7 quarterstaff of the Heart {heavy, rN+
                  | Str+3 Dex-2}
 38285 | Depths:2 | Noticed a Tzitzimitl
 38293 | Depths:2 | Banished a Tzitzimitl
 38440 | Depths:3 | Found a sacrificial altar of Ru.
 38870 | Depths:3 | Found a white marble altar of Elyvilon.
 39312 | Depths:3 | Found a corrupted altar of Lugonu.
 39363 | Depths:3 | Reached XP level 20. HP: 120/164 MP: 30/30
 39387 | Depths:3 | Reached skill level 16 in Fighting
 39603 | Depths:3 | Paralysed by a floating eye for 2 turns
 39771 | Depths:4 | Entered Level 4 of the Depths
 39802 | Depths:4 | Found Xoduyxai's Antique Armour Shoppe.
 40386 | Depths:4 | Noticed a juggernaut
 40404 | Depths:4 | Killed a juggernaut
 40405 | Depths:4 | Reached skill level 15 in Dodging
 40526 | Depths:4 | Found a one-way gateway to a ziggurat.
 40539 | Depths:4 | Identified the +2 ring mail of Lightning Storm {Str+3}
 40613 | Depths:4 | Noticed a golden dragon
 40754 | Depths:4 | Noticed a golden dragon
 40764 | Depths:4 | Banished a golden dragon
 40766 | Depths:4 | Found a gate to the Realm of Zot.
 41374 | Vaults:1 | Entered Level 1 of the Vaults
 41401 | Vaults:1 | Reached skill level 17 in Fighting
 41551 | Vaults:1 | Noticed Norris
 41564 | Vaults:1 | Killed Norris
 41631 | Vaults:1 | Reached XP level 21. HP: 174/174 MP: 31/31
 42185 | Vaults:1 | Found Veratwek's Assorted Antiques.
 42838 | Depths:4 | Bought a masterwork plate armour for 1008 gold pieces
 42838 | Depths:4 | Identified the +9 plate armour "Rixkut" {Harm} (You bought
                  | it in a shop on level 4 of the Depths)
 43673 | Vaults:2 | Found Veth's Antique Weapon Shop.
 43878 | Vaults:2 | Found a staircase to the Crypt.
 44379 | Vaults:3 | You fall into a shaft and drop 1 floor!
 44406 | Vaults:4 | Reached skill level 18 in Fighting
 44434 | Vaults:3 | Upgraded the game from 0.31-a0-675-g238779e to
                  | 0.31-a0-689-g72f39bf
 44928 | Vaults:3 | Reached XP level 22. HP: 167/184 MP: 32/32
 45827 | Vaults:4 | Found a large runed translucent door.
 45827 | Vaults:4 | Found a large runed translucent door.
 45828 | Vaults:4 | Noticed Plog's ghost (veteran BaGl)
 45829 | Vaults:4 | Noticed Gawed's ghost (adept KoFi)
 46455 | Vaults:4 | Reached skill level 19 in Fighting
 46504 | Vaults:4 | Found Appoeker's Assorted Antiques.
 47010 | Vaults:5 | Entered Level 5 of the Vaults
 47032 | Vaults:5 | Noticed a golden dragon
 47049 | Vaults:5 | Reached XP level 23. HP: 72/194 MP: 15/33
 47051 | Vaults:5 | Killed a golden dragon
 47077 | Vaults:5 | Noticed a dread lich
 47152 | Vaults:5 | Killed a dread lich
 47477 | Vaults:5 | Identified the ring of Heresy {Ice Dex+5}
 47613 | Vaults:5 | Identified the ring of Ascent {Ice Fly Int+3}
 47722 | Vaults:5 | Noticed a golden dragon
 47739 | Vaults:5 | Banished a golden dragon
 47740 | Vaults:5 | Reached skill level 20 in Fighting
 47763 | Vaults:5 | Noticed a golden dragon
 47779 | Vaults:5 | Noticed a golden dragon
 47793 | Vaults:5 | Killed a golden dragon
 47796 | Vaults:5 | Killed a golden dragon
 47956 | Vaults:5 | Identified the +0 robe "Ciul" {rF+ Slay+2}
 48164 | Vaults:5 | Identified the ring "Pal Fesme" {Drain Fly rC+ rN+++ Int+3}
 48382 | Vaults:5 | Identified the +2 cloak of the Lotus Blossom {Dex+4}
 48385 | Vaults:5 | Got a silver rune of Zot
 48399 | Vaults:5 | Identified the +2 battleaxe of the Elven Halls {venom,
                  | Dex+4}
 48776 | Depths:4 | Killed a golden dragon
 48823 | Zot:1    | Entered Level 1 of the Realm of Zot
 48823 | Zot:1    | Noticed a juggernaut
 48833 | Zot:1    | Killed a juggernaut
 49024 | Zot:1    | Noticed a Killer Klown
 49024 | Zot:1    | Noticed a Killer Klown
 49024 | Zot:1    | Noticed a Killer Klown
 49032 | Zot:1    | Noticed a Killer Klown
 49039 | Zot:1    | Killed a Killer Klown
 49041 | Zot:1    | Killed a Killer Klown
 49042 | Zot:1    | Reached XP level 24. HP: 191/205 MP: 33/33
 49045 | Zot:1    | Killed a Killer Klown
 49051 | Zot:1    | Killed a Killer Klown
 49052 | Zot:1    | Reached skill level 15 in Armour
 49473 | Zot:1    | Noticed a curse toe
 49482 | Zot:1    | Banished a curse toe
 49574 | Zot:1    | Noticed Vv
 49615 | Zot:1    | Killed Vv
 50614 | Zot:2    | Noticed a Killer Klown
 50723 | Zot:1    | Gained mutation: You are clumsy. (Dex -2) [mutagenic glow]
 50742 | Zot:1    | Reached skill level 21 in Fighting
 50743 | Zot:1    | Gained mutation: You are vulnerable to heat. (rF-)
                  | [mutagenic glow]
 50756 | Zot:1    | Gained mutation: Potions are less effective at restoring
                  | your health. [mutagenic glow]
 50773 | Zot:1    | Gained mutation: You occasionally shout uncontrollably at
                  | your foes. [mutagenic glow]
 50841 | Zot:1    | Lost mutation: You are vulnerable to heat. (rF-) [potion of
                  | mutation]
 50841 | Zot:1    | Lost mutation: Potions are less effective at restoring your
                  | health. [potion of mutation]
 50841 | Zot:1    | Lost mutation: You are clumsy. (Dex -2) [potion of
                  | mutation]
 50841 | Zot:1    | Gained mutation: Your spells are a little harder to cast,
                  | but a little more powerful. [potion of mutation]
 50841 | Zot:1    | Gained mutation: You are weak. (Str -2) [potion of
                  | mutation]
 50841 | Zot:1    | Gained mutation: You frequently scream uncontrollably at
                  | your foes. [potion of mutation]
 50841 | Zot:1    | Gained mutation: Your system is resistant to poisons.
                  | (rPois) [potion of mutation]
 50842 | Zot:1    | Lost mutation: Your system is resistant to poisons. (rPois)
                  | [potion of mutation]
 50842 | Zot:1    | Lost mutation: Your spells are a little harder to cast, but
                  | a little more powerful. [potion of mutation]
 50842 | Zot:1    | Gained mutation: You are partially covered in iridescent
                  | scales. (AC +2) [potion of mutation]
 50842 | Zot:1    | Gained mutation: You passively map a small area around you.
                  | [potion of mutation]
 51048 | Zot:2    | Banished a Killer Klown
 51522 | Zot:3    | Noticed an orb of fire
 51531 | Zot:3    | Gained mutation: You are dopey. (Int -2) [an orb of fire]
 51541 | Zot:3    | Gained mutation: You are frail. (-10% HP) [an orb of fire]
 51542 | Zot:3    | Gained mutation: You sometimes lose your temper in combat.
                  | [an orb of fire]
 51548 | Zot:3    | Gained mutation: You are very weak. (Str -4) [an orb of
                  | fire]
 51561 | Zot:3    | Killed an orb of fire
 51619 | Zot:2    | Lost mutation: You are very weak. (Str -4) [potion of
                  | mutation]
 51619 | Zot:2    | Lost mutation: You are partially covered in iridescent
                  | scales. (AC +2) [potion of mutation]
 51619 | Zot:2    | Lost mutation: You are frail. (-10% HP) [potion of
                  | mutation]
 51619 | Zot:2    | Gained mutation: You are occasionally teleported next to
                  | monsters. [potion of mutation]
 51619 | Zot:2    | Gained mutation: You are clumsy. (Dex -2) [potion of
                  | mutation]
 51619 | Zot:2    | Gained mutation: You expend magic power (3 MP) to
                  | strengthen your wands. [potion of mutation]
 51620 | Zot:2    | Lost mutation: You are clumsy. (Dex -2) [potion of
                  | mutation]
 51620 | Zot:2    | Lost mutation: You are weak. (Str -2) [potion of mutation]
 51620 | Zot:2    | Lost mutation: You are dopey. (Int -2) [potion of mutation]
 51620 | Zot:2    | Gained mutation: You are weak. (Str -2) [potion of
                  | mutation]
 51620 | Zot:2    | Gained mutation: Your system is resistant to poisons.
                  | (rPois) [potion of mutation]
 51621 | Zot:2    | Lost mutation: Your system is resistant to poisons. (rPois)
                  | [potion of mutation]
 51621 | Zot:2    | Lost mutation: You are weak. (Str -2) [potion of mutation]
 51621 | Zot:2    | Lost mutation: You passively map a small area around you.
                  | [potion of mutation]
 51621 | Zot:2    | Gained mutation: You are vulnerable to cold. (rC-) [potion
                  | of mutation]
 51622 | Zot:2    | Lost mutation: You are occasionally teleported next to
                  | monsters. [potion of mutation]
 51622 | Zot:2    | Lost mutation: You are vulnerable to cold. (rC-) [potion of
                  | mutation]
 51622 | Zot:2    | Gained mutation: You have hidden genetic potential. [potion
                  | of mutation]
 51622 | Zot:2    | Lost mutation: You sometimes lose your temper in combat.
                  | [potion of mutation]
 52686 | Zot:4    | Reached XP level 25. HP: 215/215 MP: 33/33
 52799 | Zot:4    | Noticed a Killer Klown
 52831 | Zot:4    | Killed a Killer Klown
 53694 | Zot:4    | Identified the ring "Wuapoe" {rElec rC++ MP+9 Str+6 Dex+2}
 53950 | Zot:5    | Entered Level 5 of the Realm of Zot
 54025 | Zot:4    | Reached skill level 22 in Fighting
 54581 | Zot:5    | Noticed a dread lich
 54589 | Zot:5    | Noticed a dread lich
 54592 | Zot:5    | Noticed an orb of fire
 54601 | Zot:5    | Noticed an orb of fire
 54614 | Zot:4    | Banished an orb of fire
 54687 | Zot:5    | Noticed a Killer Klown
 54701 | Zot:4    | Killed a dread lich
 54708 | Zot:5    | Noticed an orb of fire
 54709 | Zot:5    | Gained mutation: You are vulnerable to heat. (rF-) [an orb
                  | of fire]
 54712 | Zot:4    | Gained mutation: You occasionally lose the ability to drink
                  | potions when taking damage. [an orb of fire]
 54717 | Zot:4    | Paralysed by a dread lich for 4 turns
 54721 | Zot:4    | HP: 2/219 [orb of fire/bolt of fire (42)]
 54721 | Zot:4    | Slain by a tormentor

Illustrated notes

Levels and vault maps discovered:
D:1:      dpeg_arrival_castle, layout_basic
D:2:      layout_loops_cross, dilly_ecumenical_altar_fadedgnrine,
          uniq_crazy_yiuf_cottage
D:3:      layout_basic, nemelex_diamond_rough_becter
D:4:      layout_rooms, nicolae_qazlal_scattered_showers,
          nicolae_overflow_crystal_walls, serial_shops, shop,
          hellmonk_guarded_unrand_hermit, uniq_sigmund
D:5:      layout_loops_ring, uniq_eustachio
D:6:      layout_loops_ring, tso_metal_star, kennysheep_pointless_box,
          uniq_grinder
D:7:      minmay_the_grid_octo_tiled_squarecenter
          [minmay_the_grid_octo_fan_narrow, minmay_the_grid_octo_odd_swirl,
          minmay_the_grid_octo_focus, minmay_the_grid_octo_clover_2,
          minmay_the_grid_square_5x5_megaprize_crossed,
          minmay_the_grid_square_5x5_spiral_small,
          minmay_the_grid_square_5x5_plus, minmay_the_grid_square_5x5_bite,
          minmay_the_grid_square_5x5_sharp_hourglass], layout_cave_pools,
          minmay_temple_entry_gardened_gates, serial_shops, shop,
          minmay_fire_ice_demons
D:8:      layout_gridville, gammafunk_temple_overflow_claw,
          hellmonk_ghost_happy_afterlife
D:9:      layout_cave_pools, lightli_temple_of_fire, minmay_lair_entry_grove,
          gammafunk_ghost_cemetery
D:10:     layout_roguey, david_orc_5, serial_shops, shop_statue, uniq_maggie
D:11:     layout_gridville, serial_shops, nicolae_shop_window_shopping
D:12:     layout_loops_ring, gammafunk_ghost_arena, dreamdust_wasp_nest,
          uniq_kirke
D:13:     layout_stronghold, david_vaults_3, hangedman_abyss_or_decor_passed
D:14:     layout_long_grid, nicolae_wwwww, uniq_nessos
D:15:     grunt_enter_depths_snipers, layout_gridville,
          nicolae_uskayaw_dance_hall, nicolae_shop_fire_sale
          [nicolae_sub_dead_trees], cheibrodos_ashenzari_chains
Lair:1:   layout_hall_layers
Lair:2:   wad_woods_structure_01, layout_hall_layers, st_stairs_4
Lair:3:   layout_regular_city, minmay_shoals_entry_centaurs,
          nicolae_spider_entry_lesser_pyramids, enter_volcano_1, basic_altar,
          columned_hall_lemuel
Lair:4:   layout_cave_pods, minmay_slime_entry_oklob_enclosed,
          beast_lair_carwin_10, grunt_megastairs_5
Lair:5:   gammafunk_lair_ancient_temple, layout_cellular_growth,
          serial_bayou_shore_b, infiniplex_staircase_pool_2, lemuel_fruit_fields
Shoals:1: layout_shoals, uniq_louise
Shoals:2: layout_shoals, nicolae_shoals_abyss_on_the_beach
Shoals:3: cheibrodos_shoals_roost, layout_shoals
Shoals:4: shoals_end_grunt_garden, layout_shoals, ebering_ghost_disaster_area,
          abandoned_shop
Spider:1: layout_spider_delve
Spider:2: layout_spider_delve, ebering_ghost_xom
Spider:3: layout_spider_delve
Spider:4: hellmonk_spider_rune_bug_friends, nicolae_spider_not_touching_you
Orc:1:    layout_caves, lemuel_statue_altar, mines4_lemuel
Orc:2:    st_orc_rangers, layout_caves, basic_altar
Vaults:1: nicolae_vaults_tetromino_L_2, nicolae_vaults_network_square,
          nicolae_vaults_house_2, v_pattern_2, v_misc_27,
          hangedman_vaults_snaps, vaults_room_corners,
          vaults_room_stairs_pillars, v_misc_18,
          nicolae_vaults_oval_intersection, layout_vaults_big_room,
          serial_shops, nicolae_shop_statue_plus, uniq_norris
Vaults:2: vaults_dpeg_hooks, nicolae_vaults_surprise_closet,
          vaults_room_octagon, minmay_crypt_entry_simple_box,
          nicolae_vaults_network_s, nicolae_vaults_apartment_1,
          special_room_vaults [special_room_orc], layout_vaults_quadrants,
          serial_shops, shop
Vaults:3: v_alt_pattern_6, vaults_room_door_hall,
          nicolae_vaults_trapezoid_lopsided_3, v_misc_24,
          nicolae_vaults_puzzle_piece, grunt_vaults_funnel,
          nicolae_vaults_big_angled_halls, hangedman_vaults_maws,
          vaults_room_corners, nicolae_vaults_inception_statues,
          nicolae_vaults_apartment_1, nicolae_vaults_gold_heap,
          layout_vaults_maze_bifur
Vaults:4: advil_vaults_ghost_guards, nicolae_vaults_little_squares_1,
          ontoclasm_vaults_shuriken, v_rooms_3, v_rooms_1,
          nicolae_vaults_sesquioval_fish, nicolae_vaults_closet_pinwheel_1,
          nicolae_vaults_stand_back, nicolae_vaults_network_periphery,
          nicolae_vaults_wine_cellar, ontoclasm_vaults_claustrophobia,
          nicolae_vaults_trapezoid_lopsided_3, layout_vaults_omnicross,
          serial_shops, nicolae_shop_trees
Vaults:5: serial_shops
Depths:1: layout_gridlike, okawaru_ov_weapons_minmay,
          gammafunk_ghost_abyssal_escape, lightli_too_deep,
          nicolae_gozag_cash_rules_everything_around_me
Depths:2: evilmike_negative_zone, layout_cave_pools, ebering_ghost_xom,
          serial_column_ruins, column_ruins_portal_hut, column_ruins_hut_ruined,
          column_ruins_columns_T, column_ruins_grid_3, column_ruins_open_tiny,
          column_ruins_grid_1, column_ruins_columns_corner,
          column_ruins_columns_corner, column_ruins_open_tiny,
          pf_vacation_house_of_asmodeus, pan_entry
Depths:3: thingy_vault, layout_basic, nicolae_ru_awakened_eye,
          abyss_entry_flame_altar, grunt_hell_entry_dis_grunt,
          nicolae_elyvilon_temple_path
Depths:4: grunt_crosshair, layout_honeycomb, enter_ziggurat_b, serial_shops,
          nicolae_shop_getting_attention, minmay_room_of_horrors, hell_entry,
          minmay_large_rounded_square
Zot:1:    ebering_greatest_show_in_zot, layout_misc_corridors,
          grunt_ministairs_9, uniq_vv
Zot:2:    layout_onion
Zot:3:    layout_misc_corridors, hangedman_elemental_corridor
Zot:4:    layout_concentric_octagons
Zot:5:    layout_twisted_circle, drop_trap

Skill      XL: |  1  2  3  4  5  6  7  8  9 10 11 12 13 14 15 16 17 18 19 20 21 22 23 24 25 |
---------------+----------------------------------------------------------------------------+-----
Stealth        | 1 2 3 |  3.1
Short Blades   | 4 6 |  6.7
Fighting       | 3 5 8 10 12 13 15 17 18 19 20 21 22 | 22.4
Armour         | 4 6 7 8 9 10 11 12 13 14 15 | 15.0
Polearms       | 5 11 15 16 18 20 | 20.0
Invocations    | 3 4 |  4.0
Dodging        | 7 10 12 13 15 17 19 20 21 | 21.0
Throwing       | 6 9 10 | 10.0
Spellcasting   | 1 4 |  4.0
Conjurations   | 1 4 5 7 8 |  8.2
Ice Magic      | 1 4 6 8 |  8.4
Air Magic      | 1 4 5 7 8 |  8.2
Shields        | 1 6 13 15 16 17 18 19 20 21 | 21.4

Action                     |  1- 3 |  4- 6 |  7- 9 | 10-12 | 13-15 | 16-18 | 19-21 | 22-24 | 25-27 || total
---------------------------+-------+-------+-------+-------+-------+-------+-------+-------+-------++-------
  Melee: Rapier            |    10 |       |       |       |       |       |       |       |       ||    10
         Short sword       |   102 |   189 |   504 |   266 |       |       |       |       |       ||  1061
         Punch             |       |     3 |    13 |     4 |     7 |       |       |       |       ||    27
         Halberd           |       |       |       |   814 |   305 |       |       |       |       ||  1119
         Demon trident     |       |       |       |       |   773 |  1287 |  1621 |  1466 |   445 ||  5592
         Tailslap          |       |       |       |       |     4 |    22 |     6 |       |       ||    32
  Throw: Throwing net      |       |       |     4 |       |     1 |       |       |       |       ||     5
         Dart              |       |       |     7 |    26 |    40 |    16 |       |    11 |     3 ||   103
         Javelin           |       |       |       |     1 |     5 |    46 |    23 |    13 |       ||    88
 Invoke: Upheaval          |       |       |     3 |     4 |     3 |     9 |     6 |     2 |       ||    27
         Elemental Force   |       |       |       |     2 |     2 |    20 |    13 |     9 |       ||    46
         Disaster Area     |       |       |       |       |     3 |     1 |       |     7 |       ||    11
    Use: Scroll            |       |     6 |     2 |    12 |     9 |     6 |     3 |    22 |     3 ||    63
         Potion            |       |       |       |     2 |     2 |    19 |     3 |    24 |     4 ||    54
   Stab: Sleeping          |     1 |     2 |       |       |       |       |       |       |       ||     3
         Held in net/web   |       |       |     3 |       |       |       |       |       |       ||     3
         Distracted        |       |       |       |     1 |       |     3 |     3 |       |       ||     7
         Paralysed         |       |       |       |     1 |       |    21 |    11 |    21 |       ||    54
         Invisible         |       |       |       |       |       |       |       |     5 |       ||     5
         Confused          |       |       |       |       |       |       |       |     3 |       ||     3
 Armour: Leather armour    |    27 |    53 |    28 |   132 |   138 |   145 |       |       |       ||   523
         Scale mail        |       |       |   133 |   241 |       |       |       |       |       ||   374
         Skin              |       |       |       |    22 |       |       |       |       |       ||    22
         Acid dragon scale |       |       |       |    21 |    42 |       |       |       |       ||    63
         Chain mail        |       |       |       |       |    92 |   266 |   136 |    81 |       ||   575
         Quicksilver drago |       |       |       |       |       |       |   225 |    50 |       ||   275
         Gold dragon scale |       |       |       |       |       |       |       |   501 |   214 ||   715
  Dodge: Dodged            |    50 |    86 |   127 |   421 |   426 |   327 |   324 |   279 |    80 ||  2120
         Repelled          |       |       |       |     4 |     6 |     7 |     9 |    26 |    19 ||    71
  Block: Other             |       |    11 |    43 |   158 |   236 |       |       |       |       ||   448
         Buckler           |       |       |       |       |    27 |   272 |       |       |       ||   299
         Tower shield      |       |       |       |       |       |   488 |  1070 |   957 |   277 ||  2792

Table legend: (Time is in decaauts)
 A = Elapsed time spent in this place.
 B = Non-inter-level travel time spent in this place.
 C = Inter-level travel time spent in this place.
 D = Time resting spent in this place.
 E = Time spent auto-exploring this place.
 F = Levels seen in this place.
 G = Mean time per level.
                   A        B        C        D        E       F      G
               +--------+--------+--------+--------+--------+-----+--------+
         Total |  51372 |  45883 |   5489 |   6486 |  27009 |  44 | 1167.5 |
       Dungeon |  18276 |  15625 |   2651 |   2693 |   9541 |  15 | 1218.4 |
          Lair |   6059 |   5179 |    880 |    372 |   3563 |   5 | 1211.8 |
        Shoals |   2618 |   2517 |    101 |    150 |   1675 |   4 |  654.5 |
   Spider Nest |   4932 |   4723 |    209 |   1379 |   2424 |   4 | 1233.0 |
  Orcish Mines |   1501 |   1294 |    207 |    200 |    763 |   2 |  750.5 |
        Vaults |   6355 |   5860 |    495 |    245 |   3271 |   5 | 1271.0 |
        Depths |   6265 |   5583 |    682 |    599 |   3250 |   4 | 1566.2 |
           Zot |   5363 |   5101 |    262 |    845 |   2519 |   5 | 1072.6 |
               +--------+--------+--------+--------+--------+-----+--------+

Top non-repeatable levels by time:
     D:6: 1923 daAuts
  Lair:2: 1789 daAuts
    D:10: 1699 daAuts
Spider:2: 1697 daAuts
   Zot:1: 1689 daAuts
Depths:4: 1686 daAuts
     D:5: 1669 daAuts
     D:7: 1627 daAuts
Depths:1: 1598 daAuts
Depths:2: 1575 daAuts
   Zot:4: 1574 daAuts
  Lair:3: 1560 daAuts
Vaults:4: 1559 daAuts
Spider:4: 1473 daAuts
     D:9: 1440 daAuts
